 Seeded DCSS version 0.27.1 (webtiles) character file.

Game seed: 12231973 (custom seed)

30 voltaire321 the Insei (level 3, -3/23 HPs)
             Began as an Octopode Transmuter on Aug 25, 2021.
             Killed from afar by Natasha (7 damage)
             ... with a magic dart
             ... on level 3 of the Dungeon.
             The game lasted 00:02:58 (1144 turns).

voltaire321 the Insei (Octopode Transmuter)         Turns: 1144, Time: 00:02:58

Health: -3/23      AC:  1    Str:  9    XL:     3   Next: 18%
Magic:  5/6        EV: 13    Int: 15    God:
Gold:   11         SH:  0    Dex: 13    Spells: 5/6 levels left

rFire    . . .     SeeInvis .     - Unarmed
rCold    . . .     Faith    .   (no shield)
rNeg     . . .     Spirit   .   (helmet currently unavailable)
rPois    .         Reflect  .   (no amulet)
rElec    .         Harm     .   (no ring)
rCorr    .         Rampage  .   (no ring)
Will     .....                  (no ring)
Stlth    ++........             (no ring)
HPRegen  0.07/turn              (no ring)
MPRegen  0.10/turn              (no ring)
                                (no ring)
                                (no ring)

@: appendages
A: tentacle spike 3, almost no armour, amphibious, 8 rings, camouflage 1,
gelatinous body 1, (nimble swimmer 1), tentacles
a: End Transformation


You were on level 3 of the Dungeon.
One of your tentacles had grown a beastly spike.
You visited 1 branch of the dungeon, and saw 3 of its levels.

You collected 11 gold pieces.

Inventory:

Scrolls
 b - a scroll of brand weapon {unknown}
Potions
 a - a potion of resistance


   Skills:
 + Level 1.5 Fighting
 + Level 2.3 Dodging
 + Level 3.2 Unarmed Combat
 + Level 2.2 Spellcasting
 + Level 2.3 Transmutations


You had 5 spell levels left.
You knew the following spells:

 Your Spells              Type           Power      Damage    Failure   Level
a - Beastly Appendage     Tmut           16%        N/A       9%          1

Your spell library contained the following spells:

 Spells                   Type           Power      Damage    Failure   Level
 Wereblood                Tmut           8%         N/A       12%         2
 Spider Form              Tmut/Pois      2%         N/A       36%         3
 Ice Form                 Ice/Tmut       5%         N/A       78%         4
 Freezing Cloud           Conj/Ice/Air   0%         6-21      99%         5
 Simulacrum               Ice/Necr       0%         N/A       100%        6
 Polar Vortex             Ice            0%         N/A       100%        9


Dungeon Overview and Level Annotations

Branches:
Dungeon (2/15)

Altars:

Annotations:
D:3 Natasha


Innate Abilities, Weirdness & Mutations

One of your tentacles has grown a beastly spike.
You cannot wear most types of armour.
You are amphibious.
You can wear up to eight rings at the same time.
Your skin changes colour to match your surroundings (Stealth+).
Your rubbery body absorbs attacks. (AC +1, EV +1)
((You are camouflaged near water. (Stealth+)))
You have tentacles for arms and can constrict up to eight enemies at once.


Message History

You constrict the quokka, but do no damage.
The quokka closely misses you.
You tentacle-slap the quokka.
You pierce the quokka.
You kill the quokka!
You tentacle-slap the hobgoblin.
You kill the hobgoblin!
Your tentacle spike disappears.
Things that are here:
a +0 club; a +0 dagger; a quokka corpse You start resting.
Magic restored.
You start resting.
Natasha is nearby!
You start resting.
Natasha is nearby!
You start resting.
Natasha is nearby!
Casting: Beastly Appendage (safe; 9% risk of failure)
Confirm with . or Enter, or press ? or * to list all spells.
One of your tentacles grows a vicious spike.
Natasha hisses angrily.
Natasha drinks a potion.
Natasha suddenly seems more resistant.
Natasha claws you!
You closely miss Natasha. Your grab misses Natasha.
You pierce Natasha, but do no damage.
Natasha misses you.
You barely miss Natasha. Your grab misses Natasha.
Your tentacle spike misses Natasha.
You squeeze Natasha.
Natasha is lightly wounded.
Natasha claws you.
* * * LOW HITPOINT WARNING * * *
You tentacle-slap Natasha but do no damage.
You grab Natasha.
Natasha is lightly wounded.
You constrict Natasha. Natasha claws you.
* * * LOW HITPOINT WARNING * * *
You tentacle-slap Natasha.
You pierce Natasha.
Natasha is moderately wounded.
You constrict Natasha.
Natasha stares at you and mumbles some strange words.
The magic dart hits you!
You die...

...# .#
#.....#......
#..##.#.#.#.##
#..##...#.....
#..##.#....?.#
#....#.#.[.
#.##.....h
#.##†#.##.#.#
#.@h..)......
#.##.###.##.#
#........
##.####.##
#..####.##
#.........
#.###.##h# #.#
# # #.#


You could see Natasha (resistant).

Vanquished Creatures
  2 worms (D:2)
  A ball python (D:2)
  2 endoplasms
  2 giant cockroaches
  3 goblins
  3 hobgoblins
  A quokka (D:3)
  A frilled lizard (D:3)
  3 kobolds
  4 rats
22 creatures vanquished.

Notes
Turn   | Place    | Note
-------+----------+-------------------------------------------
     0 | D:1      | voltaire321 the Octopode Transmuter began the quest for the
                  | Orb.
     0 | D:1      | Reached XP level 1. HP: 13/13 MP: 3/3
   117 | D:1      | You fall into a shaft and drop 1 floor!
   225 | D:2      | Reached XP level 2. HP: 6/18 MP: 3/5
  1052 | D:2      | You fall into a shaft and drop 1 floor!
  1068 | D:3      | Reached XP level 3. HP: 18/23 MP: 4/6
  1069 | D:3      | Noticed Natasha
  1144 | D:3      | Killed from afar by Natasha

Illustrated notes

Levels and vault maps discovered:
D:1:      heliophobic_arrival_dark_side_of_the_moon, layout_basic
D:2:      minmay_angry_zag, layout_basic, minmay_hedge_maze
D:3:      layout_loops_corners, grunt_temple_overflow_open,
          chequers_ecumenical_altar_simple_redux, minmay_diced_spiral,
          uniq_natasha

Action                   || total
-------------------------++-------
Melee: Unarmed           ||    48
       Constrict         ||    14
       Kick              ||    16
       Tentacles         ||     7
       Punch             ||     1
 Cast: Beastly Appendage ||    10
 Stab: Sleeping          ||     3
Armor: Skin              ||     2
Dodge: Dodged            ||    16
